 Dungeon Crawl Stone Soup version 0.31-a0-1127-ge7b2bbabab (webtiles) character file.

Game seed: 15957470341241095979

72 zodiitti the Trooper (level 4, 0/30 HPs)
             Began as a Gargoyle Fighter on Dec 5, 2023.
             Slain by Sigmund
             ... wielding a +1 scythe of freezing
              (2 damage)
             ... on level 2 of the Dungeon.
             The game lasted 00:02:29 (1268 turns).

zodiitti the Trooper (Gargoyle Fighter)             Turns: 1268, Time: 00:02:29

Health: 0/30       AC: 10    Str: 22    XL:     4   Next: 25%
Magic:  4/4        EV:  9    Int:  8    God:
Gold:   57         SH:  4    Dex:  9    Spells: 3/3 levels left

rFire   . . .        a - +0 war axe
rCold   . . .        c - +0 buckler
rNeg    + . .        b - +0 scale mail
rPois   ∞            (no helmet)
rElec   +            (no cloak)
rCorr   .            (no gloves)
SInv    .            (no boots)
Will    .....        (no amulet) Stlth
                     (no ring)
HPRegen 0.25/turn    (no ring)
MPRegen 0.09/turn

%: no passive effects
@: no status effects
A: sickness immunity, AC +3, negative energy resistance 1, electricity
resistance, torment resistance 1, petrification resistance
a: no special abilities


You were on level 2 of the Dungeon.
You visited 1 branch of the dungeon, and saw 2 of its levels.

You collected 57 gold pieces.

Inventory:

Hand Weapons
 a - a +0 war axe (weapon)
Armour
 b - a +0 scale mail (worn)
 c - a +0 buckler (worn)
Scrolls
 k - 2 scrolls of immolation
Potions
 d - a potion of might
 f - a potion of heal wounds
 g - a potion of curing {unknown}
 h - a potion of mutation {unknown}
 j - a potion of haste {unknown}
 l - a potion of cancellation {unknown}


   Skills:
 * Level 4.3 Fighting
 + Level 2.3 Axes
 + Level 3.8 Armour
 + Level 3.8 Shields


You had 3 spell levels left.
You didn't know any spells.
Your spell library contained the following spells:

 Spells                   Type           Power      Damage    Failure   Level
 Inner Flame              Hex/Fire       0%         N/A       99%         3
 Flame Wave               Conj/Fire      0%         2d4       100%        4
 Petrify                  Tmut/Erth      0%         N/A       100%        4
 Sticky Flame             Conj/Fire      0%         2d3       100%        4
 Irradiate                Conj/Tmut      0%         3d11      100%        5
 Sublimation of Blood     Necr           Unusable   N/A       N/A         2

Dungeon Overview and Level Annotations

Branches:
Dungeon (2/15)

Altars:

Annotations:
D:2 Sigmund


Innate Abilities, Weirdness & Mutations

You are immune to sickness and miasma.
Your stone body is resilient. (AC +3)
You are immune to poison.
You resist negative energy. (rN+)
You are resistant to electric shocks. (rElec)
You are resistant to unholy torment.
You are immune to petrification.


Message History

You slash the worm!
You kill the worm!
You now have 49 gold pieces (gained 10).
Found 6 stones.
Found a dagger.
You now have 57 gold pieces (gained 8).
You enter the shallow water.
Moving in this stuff is going to be slow.
You enter the shallow water.
Moving in this stuff is going to be slow.
You enter the shallow water.
Moving in this stuff is going to be slow.
A dart slug comes into view.
A dart slug is nearby!
A dart slug is nearby!
A dart slug is nearby!
You slash the dart slug!
You kill the dart slug!
You see here a dart slug corpse.
You see here a dart slug corpse.
Found a robe.
Sigmund the Dreaded comes into view.
He is wielding a +1 scythe of freezing.
Sigmund shouts!
Sigmund gestures wildly while chanting.
Sigmund flickers and vanishes!
Deactivating autopickup; reactivate with Ctrl-A.
There is a strange disturbance nearby!
You block something's attack.
You closely miss something. Something hits you but does no damage.
You closely miss something. Something hits you. Something freezes you.
You miss something. Something hits you but does no damage.
You barely miss something. Something hits you. Something freezes you.
You closely miss something. Something hits you but does no damage.
You closely miss something. Something hits you. Something freezes you.
You slash something! Something hits you! Something freezes you.
* * * LOW HITPOINT WARNING * * *
You miss something. Something hits you!
* * * LOW HITPOINT WARNING * * *
Something freezes you.
You die...

..###~~≈≈~## #.#............#
.## #~≈≈~~## #......##..#...#
.####~≈≈~##. ...##.#.##.....#
....~~≈≈~...###..............#
..##~≈≈~~###......#.###...##.#
..##~≈≈~## #.# #..# ######.#
..##~≈≈~# #.# #..# #.#
..##~≈≈~# #†# #{.# #.#
...#~≈≈~## #.# #@[# #.####
....~≈≈~~###.###.$#
#######.##..
#...~~≈≈~.........#
.....).....#
#..##~≈≈~########.#
#######.#### #..##~≈≈~## .#
#.# #..##~≈≈~~# #.# #.#
†..##~~≈≈~## #.# ####.#
#..###~≈≈~.## #.# #.)...
##.##.~≈≈~~.### #.# #.####


There were no monsters in sight!

Vanquished Creatures
  2 adders (D:2)
  A worm (D:2)
  4 dart slugs
  7 bats
  3 endoplasms
  4 giant cockroaches
  A goblin (D:1)
  3 hobgoblins (D:1)
  5 jackals (D:2)
  2 quokkas
  2 frilled lizards (D:2)
  3 kobolds (D:2)
  4 rats
41 creatures vanquished.

Notes
Turn   | Place    | Note
-------+----------+-------------------------------------------
     0 | D:1      | zodiitti the Gargoyle Fighter began the quest for the Orb.
     0 | D:1      | Reached XP level 1. HP: 14/14 MP: 1/1
   131 | D:1      | Reached XP level 2. HP: 19/19 MP: 2/2
   717 | D:2      | Reached XP level 3. HP: 20/24 MP: 3/3
   797 | D:2      | Reached skill level 4 in Fighting
  1060 | D:2      | Found a faded altar of an unknown god.
  1149 | D:2      | Reached XP level 4. HP: 29/29 MP: 4/4
  1258 | D:2      | Noticed Sigmund
  1268 | D:2      | Slain by Sigmund

Illustrated notes

Levels and vault maps discovered:
D:1:      lightli_iron_boxes, layout_basic
D:2:      wander_river, layout_loops_ring, hellmonk_ecumenical_altar_blasted,
          uniq_sigmund

Skill      XL: |  1  2  3 |
---------------+----------+-----
Axes           | 2 |  2.3
Fighting       | 4 |  4.3
Armour         | |  3.8
Shields        | |  3.8

Action                     |  1- 3 |  4- 6 || total
---------------------------+-------+-------++-------
  Melee: War axe           |   130 |    13 ||   143
    Use: Scroll            |     2 |       ||     2
 Armour: Scale mail        |   139 |     9 ||   148
  Dodge: Dodged            |    85 |     2 ||    87
  Block: Buckler           |    35 |     1 ||    36

Table legend: (Time is in decaauts)
 A = Elapsed time spent in this place.
 B = Non-inter-level travel time spent in this place.
 C = Inter-level travel time spent in this place.
 D = Time resting spent in this place.
 E = Time spent auto-exploring this place.
 F = Levels seen in this place.
 G = Mean time per level.
                   A        B        C        D        E       F      G
               +--------+--------+--------+--------+--------+-----+--------+
         Total |   1345 |   1322 |     23 |      0 |    890 |   2 |  672.5 |
       Dungeon |   1345 |   1322 |     23 |      0 |    890 |   2 |  672.5 |
               +--------+--------+--------+--------+--------+-----+--------+

Top non-repeatable levels by time:
     D:1: 728 daAuts
     D:2: 617 daAuts
